 Dungeon Crawl Stone Soup version 0.31-a0-188-g5e087ee2ca (webtiles) character file.

Game seed: 10426727176712279444

146 qw the Skirmisher (level 5, 0/29 HPs)
             Began as a Deep Elf Hunter on June 23, 2023.
             Succumbed to an adder's poison
             ... on level 3 of the Dungeon.
             The game lasted 00:00:41 (1862 turns).

qw the Skirmisher (Deep Elf Hunter)                 Turns: 1862, Time: 00:00:42

Health: 0/29       AC:  5    Str: 10    XL:     5   Next: 7%
Magic:  7/7        EV: 11    Int: 14    God:
Gold:   84         SH:  0    Dex: 18    Spells: 4/4 levels left

rFire   . . .        Y - +0 shortbow
rCold   . . .        (shield currently unavailable)
rNeg    . . .        e - +0 ring mail
rPois   .            (no helmet)
rElec   .            (no cloak)
rCorr   .            (no gloves)
SInv    .            (no boots)
Will    .....        (no amulet)
Stlth   +            (no ring)
HPRegen 0.24/turn    (no ring)
MPRegen 0.10/turn

%: no passive effects
@: lethally poisoned (0 -> -2)
A: no striking features
a: no special abilities


You were on level 3 of the Dungeon.
You visited 1 branch of the dungeon, and saw 3 of its levels.

You collected 84 gold pieces.


   Skills:
 - Level 1.5 Fighting
 + Level 8.5 Ranged Weapons
 - Level 2.4 Dodging
 - Level 1.2 Stealth


You had 4 spell levels left.
You didn't know any spells.
Your spell library was empty.

Inventory:

Hand Weapons
 Y - a +0 shortbow (weapon)
Armour
 e - a +0 ring mail (worn)
Potions
 b - a potion of might
 h - a potion of enlightenment {unknown}

Dungeon Overview and Level Annotations

Branches:
Dungeon (3/15)

Altars:
Wu Jian

Annotations:
D:2 1 runed translucent door, Crazy Yiuf


Message History

You shoot an arrow. The arrow hits the bullfrog.
The bullfrog gives a loud, deep croak!
The bullfrog is lightly wounded.
You hear an angry hiss.
An adder comes into view.
You shoot an arrow. The arrow closely misses the adder.
You shoot an arrow. The arrow closely misses the bullfrog.
You shoot an arrow. The arrow closely misses the bullfrog.
The bullfrog hits you but does no damage.
You shoot an arrow. The arrow closely misses the bullfrog.
The bullfrog hits you.
You shoot an arrow. The arrow hits the bullfrog!
The bullfrog is heavily wounded.
The bullfrog barely misses you. The bullfrog hits you. The adder misses you.
You shoot an arrow. The arrow barely misses the bullfrog.
The bullfrog barely misses you. The adder bites you but does no damage.
The bullfrog closely misses you.
You shoot an arrow. The arrow hits the bullfrog.
The bullfrog is severely wounded.
The adder barely misses you. The bullfrog hits you.
The adder closely misses you. The bullfrog hits you.
You shoot an arrow. The arrow hits the bullfrog.
The bullfrog is almost dead.
The bullfrog closely misses you. The adder barely misses you.
The bullfrog hits you.
You shoot an arrow. The arrow hits the bullfrog.
You kill the bullfrog!
The adder bites you but does no damage. The adder bites you.
You are lethally poisoned!
The adder poisons you!
Your Ranged Weapons skill increases to level 8!
You have reached level 5!
You shoot an arrow. The arrow hits the adder!
The adder is severely wounded.
You feel sick. The adder bites you. The adder barely misses you.
You shoot an arrow. The arrow hits the adder!
You kill the adder!
You feel sick.
There is a lethal amount of poison in your body!
You die...

...###..................
...##...................
...##.#.................
...##.##................
......###.........).....
...#### ##......).......
+#.# ##.............
.#.# #.....######## .#.#
#.....@.# .#.# #.....#.#
.#'########.....#.#
................#..
............##......
............ #.......
.#+#....### #........
.#.#....# #.. ...#..
.#.'%...####


There were no monsters in sight!

Vanquished Creatures
  A bullfrog (D:3)
  3 adders
  A worm (D:2)
  8 ball pythons
  3 bats
  4 endoplasms
  2 giant cockroaches (D:1)
  4 goblins
  4 hobgoblins
  2 jackals (D:1)
  2 quokkas (D:1)
  4 frilled lizards
  6 kobolds
  4 rats
48 creatures vanquished.

Notes
Turn   | Place    | Note
-------+----------+-------------------------------------------
     0 | D:1      | qw the Deep Elf Hunter began the quest for the Orb.
     0 | D:1      | Reached XP level 1. HP: 12/12 MP: 3/3
     0 | D:1      | 0 ||| qw: Version: 0.3-a-9-g12657ce
     0 | D:1      | 0 ||| qw: Game counter: 3266
     0 | D:1      | 0 ||| qw: Always use a shield: true
     0 | D:1      | 0 ||| qw: God list: Okawaru
     0 | D:1      | 0 ||| qw: Allow faded altars: false
     0 | D:1      | 0 ||| qw: Do Orc after D:15 true
     0 | D:1      | 0 ||| qw: Do second Lair branch before Depths: true
     0 | D:1      | 0 ||| qw: Lair rune preference: random
     0 | D:1      | 0 ||| qw: Plans: Normal
     0 | D:1      | 0 ||| PLANNING D:1-11
   178 | D:1      | Reached skill level 6 in Ranged Weapons
   178 | D:1      | Reached XP level 2. HP: 11/16 MP: 4/4
   182 | D:1      | HP: 4/16 [hobgoblin (3)]
   187 | D:1      | HP: 4/16 [jackal (1)]
   192 | D:1      | HP: 1/16 [jackal (1)]
   333 | D:1      | 333 ||| FLEEEEING.
   334 | D:1      | 334 ||| FLEEEEING.
   597 | D:1      | Reached XP level 3. HP: 20/20 MP: 5/5
   786 | D:1      | 786 ||| UPGRADING to +0 ring mail.
   796 | D:1      | 796 ||| DROPPING +0 leather armour.
   797 | D:1      | 797 ||| READING 2 scrolls labelled PUS RIUSHRERIU.
   834 | D:1      | 834 ||| READING scroll labelled FONOODD DIDEAF.
   835 | D:1      | 835 ||| READING scroll labelled TAASCH WYOGG.
   836 | D:1      | 836 ||| DROPPING scroll of torment.
   837 | D:1      | 837 ||| DROPPING scroll of butterflies.
  1046 | D:2      | Reached skill level 7 in Ranged Weapons
  1168 | D:2      | Found an ornate altar of the Wu Jian Council.
  1213 | D:2      | Found a faded altar of an unknown god.
  1371 | D:2      | Found a runed translucent door.
  1372 | D:2      | Noticed Crazy Yiuf
  1535 | D:2      | Reached XP level 4. HP: 25/25 MP: 6/6
  1670 | D:2      | 1670 ||| READING scroll labelled RIYBA DUOZXOXU.
  1671 | D:2      | 1671 ||| READING scroll labelled EPURUMMEAMM.
  1672 | D:2      | 1672 ||| READING 2 scrolls labelled CIHOAC ISANURO.
  1673 | D:2      | 1673 ||| DROPPING scroll of amnesia.
  1675 | D:2      | 1675 ||| Stepping ~*~*~tactically~*~*~ (cloud).
  1835 | D:3      | Found the +5 Force Lance {heavy, knockback}
  1849 | D:3      | Noticed a bullfrog
  1859 | D:3      | Killed a bullfrog
  1859 | D:3      | HP: 5/25 [adder (3)]
  1860 | D:3      | Reached skill level 8 in Ranged Weapons
  1860 | D:3      | Reached XP level 5. HP: 6/29 MP: 7/7
  1860 | D:3      | HP: 2/29 [adder (2)]
  1862 | D:3      | Succumbed to an adder's poison

Levels and vault maps discovered:
D:1:      dpeg_arrival_arbitrary_a, layout_basic, st_stairs_13, nrook_campfire
D:2:      layout_loops_ring, basic_altar,
          dreamdust_ecumenical_altar_angels_and_demons, uniq_crazy_yiuf_cottage
D:3:      kennysheep_goblin_castle, layout_basic, kennysheep_okawaru_gauntlet,
          uniq_robin, uniq_sigmund

Skill      XL: |  1  2  3  4 |
---------------+-------------+-----
Ranged Weapons | 6 7 8 |  8.5
Fighting       | |  1.5
Dodging        | |  2.4
Stealth        | |  1.2

Action                     |  1- 3 |  4- 6 || total
---------------------------+-------+-------++-------
   Fire: Shortbow          |   115 |    25 ||   140
    Use: Scroll            |     3 |     3 ||     6
 Armour: Leather armour    |    17 |       ||    17
         Ring mail         |     7 |     3 ||    10
  Dodge: Dodged            |    43 |     9 ||    52

Table legend:
 A = Non-vault XP
 B = Vault XP
 C = Vault XP percentage of total XP
 D = Non-vault monster count
 E = Vault monster count
 F = Vault count percentage of total count
                 A         B        C        D         E       F
            +---------+---------+-------+---------+---------+-------
      Total |     207 |       2 |   1.0 |      47 |       1 |   2.1
            +---------+---------+-------+---------+---------+-------
        D:1 |      43 |       2 |   4.4 |      25 |       1 |   3.8
        D:2 |      53 |       0 |   0.0 |      17 |       0 |   0.0
        D:3 |     111 |       0 |   0.0 |       5 |       0 |   0.0
            +---------+---------+-------+---------+---------+-------
